 Dungeon Crawl Stone Soup version 0.14-a0-1721-g84c87b2 (webtiles) character file.

583 Kae the Insei (level 6, -3/70 HPs)
             Began as a Draconian Transmuter on Jan 2, 2014.
             Slain by a sky beast (6 damage)
             ... on Level 3 of the Dungeon.
             The game lasted 00:06:52 (4035 turns).

Kae the Insei (Draconian Transmuter)                Turns: 4035, Time: 00:06:52

HP  -3/70        AC 23     Str 13      XL: 6   Next: 32%
MP  10/10        EV  1     Int 13      God:
Gold 238         SH  0     Dex 13      Spells:  3 memorised,  3 levels left

rFire  . . .     SeeInvis .       - Unarmed
rCold  . . .     Clarity  .     (armour unavailable)
rNeg   + + +     Conserve .     (no shield)
rPois  +         rCorr    .     (helmet restricted)
rElec  .         rRot     .     (cloak currently unavailable)
SustAb . .       Spirit   .     (gloves currently unavailable)
rMut   .         Warding  .     (boots currently unavailable)
Saprov . . .     NoTele   +     (no amulet)
                                (no ring)
                                i - ring of positive energy

@: tree-form, slightly resistant to hostile enchantments, unstealthy
A: unfitting armour, AC +6
a: no special abilities


You were on level 3 of the Dungeon.
You were not hungry.
You were an animated tree.
You visited 1 branch of the dungeon, and saw 4 of its levels.

You collected 238 gold pieces.

Inventory:

Missiles
 b - 12 arrows
 c - 49 stones (quivered)
Magical devices
 q - a wand of lightning (6) {unknown}
Comestibles
 a - 5 bread rations
 j - 2 meat rations
 k - an apple
 o - a cheese
 p - a lychee
Scrolls
 e - 5 scrolls of identify
 f - 2 scrolls of recharging
 g - 3 scrolls of enchant weapon II {unknown}
 h - 2 scrolls of fog {unknown}
 l - a scroll of noise {unknown}
 m - a scroll of remove curse {unknown}
 n - a scroll of random uselessness {unknown}
 s - a scroll of enchant armour {unknown}
 y - a scroll of teleportation {unknown}
 z - 2 scrolls of blinking {unknown}
 A - 2 scrolls of enchant weapon I {unknown}
Jewellery
 i - a ring of positive energy (left branch)
 w - an uncursed ring of magical power {unknown}
Potions
 r - a potion of lignification
 t - a potion of curing {unknown}
 u - a potion of degeneration {unknown}
 v - a potion of flight {unknown}
 x - a potion of might {unknown}
 B - a potion of restore abilities {unknown}
Books
 d - a book of Changes

   Spells                             Type                      Level
   *Beastly Appendage                 Transmutation                1
   *Sticks to Snakes                  Transmutation                2
   *Spider Form                       Transmutation/Poison         3
   Ice Form                           Ice/Transmutation            4
   Blade Hands                        Transmutation                5


   Skills:
 - Level 1.1 Fighting
 - Level 1.7 Dodging
 * Level 6.4 Unarmed Combat
 - Level 2.0 Spellcasting
 + Level 3.6 Transmutations


You had 3 spell levels left.
You knew the following spells:

 Your Spells              Type           Power        Failure   Level  Hunger
a - Beastly Appendage     Trmt           ##....       8%          1    N/A
b - Sticks to Snakes      Trmt           ##........   10%         2    N/A
c - Spider Form           Trmt/Pois      #.........   38%         3    N/A

Dungeon Overview and Level Annotations

Branches:
Dungeon (4/16)
 Temple: D:4-7

Altars:
the Shining One


Message History

The sky beast hits you but does no damage.
The giant cockroach bites you but does no damage.
You closely miss the sky beast.
The sky beast is severely wounded.
The giant cockroach waves its antennae.
The giant cockroach bites you but does no damage.
The sky beast hits you but does no damage.
You hit the sky beast but do no damage.
The sky beast is severely wounded.
The giant cockroach bites you but does no damage.
The sky beast hits you but does no damage.
You hit the sky beast.
The sky beast is almost dead.
The giant cockroach bites you but does no damage.
The sky beast flickers out of sight!
Deactivating autopickup; reactivate with Ctrl-A.
It hits you.
* * * LOW HITPOINT WARNING * * *
It shocks you!
You die...

##%%#......#............#
#...#
##...#......+............#
#.###
##....#......#............#
#....
#.....#...^...........###.#
#####
#######......#...####.# #.#
#...
........###..#...#....# #.#
#.## #########
#..##.<#.#### #.# #.#
#....s.#.# #.# #.#
#....%♣..# #.# #.#
########## #.####.#
#......# ########


You could see a giant cockroach.

Vanquished Creatures
  A scorpion (D:4)
  A hound (D:3)
  2 worker ants (D:4)
  10 adders
  A giant mite (D:4)
  5 worms
  5 giant geckos
  10 orcs
  9 bats
  4 giant cockroaches
  10 goblins
  6 hobgoblins
  4 jackals (D:4)
  11 kobolds
  5 giant newts
  2 quokkas
  41 rats
127 creatures vanquished.

Notes
Turn   | Place    | Note
--------------------------------------------------------------
     0 | D:1      | Kae, the Draconian Transmuter, began the quest for the Orb.
     0 | D:1      | Reached XP level 1. HP: 16/16 MP: 3/3
   130 | D:1      | Reached XP level 2. HP: 7/23 MP: 4/4
   738 | D:2      | Reached skill level 4 in Unarmed Combat
   738 | D:2      | Reached XP level 3. HP: 25/28 MP: 4/6
   993 | D:2      | Found a glowing golden altar of the Shining One.
  1398 | D:3      | Learned a level 2 spell: Sticks to Snakes
  1461 | D:3      | Reached XP level 4. HP: 35/35 MP: 7/7
  1695 | D:3      | Reached skill level 5 in Unarmed Combat
  2214 | D:3      | Reached XP level 5. HP: 20/40 MP: 7/9
  2969 | D:4      | Reached skill level 6 in Unarmed Combat
  3029 | D:4      | Reached XP level 6. HP: 38/47 MP: 10/10
  3218 | D:4      | Noticed an ogre
  3223 | D:4      | Learned a level 3 spell: Spider Form
  3228 | D:4      | Noticed a sky beast
  4023 | D:4      | HP: 2/47 [hound (1)]
  4035 | D:3      | HP: 3/70 [something (3)]
  4035 | D:3      | Slain by a sky beast

Action                   |  1- 3 |  4- 6 || total
-------------------------+-------+-------++-------
Melee: Unarmed           |   108 |   300 ||   408
 Cast: Beastly Appendage |    17 |    29 ||    46
       Spider Form       |       |     2 ||     2
  Use: Scroll            |     1 |       ||     1
       Potion            |       |     1 ||     1
 Stab: Sleeping          |     1 |       ||     1
